 Dungeon Crawl Stone Soup version 0.31.0-32-g396128a36d (webtiles) character file.

Game seed: 15251449873640562803

61 tizbic2 the Sneak (level 4, -6/63 HPs)
             Began as a Naga Berserker on Mar 19, 2024.
             Was a Believer of Trog.
             Mangled by a gnoll
             ... wielding a +2 spear of venom
              (7 damage)
             ... on level 2 of the Dungeon.
             The game lasted 00:06:58 (1171 turns).

tizbic2 the Sneak (Naga Berserker)                  Turns: 1171, Time: 00:06:59

Health: -6/63      AC:  4    Str: 19    XL:     4   Next: 7%
Magic:  4/4        EV: 10    Int:  8    God:    Trog [**....]
Gold:   88         SH:  0    Dex: 12    Spells: 3/3 levels left

rFire   . . .        a - +0 rapier
rCold   . . .        (no shield)
rNeg    . . .        p - +0 robe
rPois   +            (no helmet)
rElec   .            c - +1 cloak
rCorr   .            (no gloves)
SInv    +            (no barding)
Will    .....        (no amulet) Stlth
                     (no ring)
HPRegen 0.30/turn    (no ring)
MPRegen 0.09/turn

%: no passive effects
@: berserking, short of breath, quick
A: AC +1, large, see invisible, deformed body, poison resistance, slowness 2,
spit poison 1, naga tail 1
a: Spit Poison, Renounce Religion, Berserk, Trog's Hand


You were on level 2 of the Dungeon.
You worshipped Trog.
Trog was pleased with you.
You visited 1 branch of the dungeon, and saw 2 of its levels.

You collected 88 gold pieces.

Inventory:

Hand Weapons
 a - a +0 rapier (weapon)
 w - a +0 dagger
Missiles
 k - 4 poisoned darts
Armour
 c - a +1 cloak (worn)
 n - a +0 scale mail
 p - a +0 robe (worn)
Scrolls
 e - a scroll of fear {unknown}
 f - 2 scrolls of teleportation {unknown}
 l - a scroll of poison {unknown}
 m - 2 scrolls of identify {unknown}
Potions
 b - a potion of magic {unknown}
 g - a potion of attraction {unknown}
 h - a potion of brilliance {unknown}
 i - a potion of curing {unknown}
 j - a potion of resistance {unknown}
 o - a potion of ambrosia {unknown}
 q - a potion of haste {unknown}


   Skills:
 + Level 3.4 Fighting
 + Level 3.5 Short Blades
 - Level 1.5 Armour
 - Level 1.5 Dodging
 * Level 4.0 Stealth


You had 3 spell levels left.
You didn't know any spells.
Your spell library was empty.

Dungeon Overview and Level Annotations

Branches:
Dungeon (2/15)

Altars:

Shops:
D:1 !


Innate Abilities, Weirdness & Mutations

Your serpentine skin is tough. (AC +1)
You have supernaturally acute eyesight. (SInv)
Armour fits poorly on your strangely shaped body.
Your system is resistant to poisons. (rPois)
You cover ground very slowly.
You can spit poison.
You have a snake-like lower body.


Message History

You closely miss the gnoll.
The gnoll is heavily wounded.
The gnoll hits you with a +0 whip.
You hit the gnoll but do no damage.
The gnoll is heavily wounded.
You have got your breath back.
The gnoll hits you with a +0 whip!
* * * LOW HITPOINT WARNING * * *
The gnoll barely misses you.
You fail to use your ability.
The gnoll hits you with a +0 whip.
* * * LOW HITPOINT WARNING * * *
You hit the gnoll.
You kill the gnoll!
Trog accepts your kill.
You have reached level 4!
You feel clever.
Aiming: Spit Poison (1% risk of failure)
Press: ? - help, Shift-Dir - straight line, f/p - gnoll
Aim: a gnoll, wielding a +2 spear of venom (65% to hit)
The splash of poison hits the rat!
The rat is poisoned.
You kill the rat!
Trog accepts your kill.
Your Stealth skill increases to level 4!
A red film seems to cover your vision as you go berserk!
You feel yourself moving faster!
You feel mighty!
The gnoll hits you from afar with a +2 spear of venom.
* * * LOW HITPOINT WARNING * * *
You feel a strong urge to attack something.
The gnoll completely misses you.
Things that are here:
a +0 whip; a rat corpse; a gnoll corpse You hit the gnoll.
The gnoll is lightly wounded.
The gnoll hits you with a +2 spear of venom!
* * * LOW HITPOINT WARNING * * *
Unknown command.
You puncture the gnoll!
The gnoll is almost dead.
The gnoll hits you with a +2 spear of venom!
You die...

# #...# # #...# ..##.... #...#
#..<.(.. #...# #.##...####
######.##### #.##.g.#.. ##
##..........# #.##...g. ..
........##..######.# #..####.#
................##g###.......#
........##..###.@ggg.........#
........##..# #.####.#########
............# #.####.#
....###.##### #...##.#
........# #.#.##.# .#.####.###
#......# ##.##.....# ####.####
##.##.....# #......#
...##.....# #.##.#.#


You could see 3 gnolls and a hobgoblin.

Vanquished Creatures
  A gnoll (D:2)
  An adder (D:2)
  5 bats
  5 endoplasms
  A giant cockroach (D:2)
  5 goblins (D:1)
  2 hobgoblins
  4 jackals (D:1)
  A quokka (D:1)
  4 ball pythons
  3 frilled lizards (D:1)
  2 kobolds
  6 rats
40 creatures vanquished.

Notes
Turn   | Place    | Note
-------+----------+-------------------------------------------
     0 | D:1      | tizbic2 the Naga Berserker began the quest for the Orb.
     0 | D:1      | Reached XP level 1. HP: 21/21 MP: 1/1
    80 | D:1      | Found Misih's Distillery.
    92 | D:1      | Reached skill level 1 in Stealth
   136 | D:1      | Reached XP level 2. HP: 19/28 MP: 2/2
   137 | D:1      | Reached skill level 2 in Stealth
   475 | D:1      | Found a faded altar of an unknown god.
   526 | D:1      | Reached XP level 3. HP: 33/34 MP: 3/3
   526 | D:1      | Reached ** piety under Trog
   549 | D:1      | Reached skill level 3 in Stealth
  1167 | D:2      | Reached XP level 4. HP: 6/42 MP: 4/4
  1168 | D:2      | Reached skill level 4 in Stealth
  1170 | D:2      | HP: 1/63 [gnoll/+2 spear of venom (7)]
  1171 | D:2      | Mangled by a gnoll

Illustrated notes

Levels and vault maps discovered:
D:1:      scummos_arrival_simple_crosswalls, layout_loops_cross, serial_shops,
          shop, nicolae_ecumenical_snake_handling, chequers_jeans
D:2:      layout_loops_cross

Skill      XL: |  1  2  3  4 |
---------------+-------------+-----
Stealth        | 1 2 3 4 |  4.0
Fighting       | |  3.4
Short Blades   | |  3.5
Armour         | |  1.5
Dodging        | |  1.5

Action                     |  1- 3 |  4- 6 || total
---------------------------+-------+-------++-------
  Melee: Short sword       |    20 |       ||    20
         Dagger            |    78 |       ||    78
         Rapier            |     8 |     2 ||    10
  Throw: Dart              |     8 |       ||     8
 Invoke: Berserk           |       |     1 ||     1
Ability: Spit Poison       |    18 |     1 ||    19
   Stab: Sleeping          |     2 |       ||     2
         Distracted        |     1 |       ||     1
 Armour: Animal skin       |    65 |       ||    65
         Robe              |    15 |     3 ||    18
  Dodge: Dodged            |    57 |     1 ||    58
